 Dungeon Crawl Stone Soup version 0.26-a0-672-g1df16c3386 (webtiles) character file.

Game seed: 257711581296685026

326 somkeydreadnuts the Magician (level 6, 0/32 HPs)
             Began as a Deep Elf Fire Elementalist on Oct 20, 2020.
             Slain by a scorpion (3 damage)
             ... on level 3 of the Dungeon.
             The game lasted 00:17:59 (4364 turns).

somkeydreadnuts the Magician (DEFE)                 Turns: 4364, Time: 00:18:02

Health: 0/32       AC:  3    Str:  5    XL:     6   Next: 24%
Magic:  13/16      EV: 13    Int: 22    God:
Gold:   230        SH:  0    Dex: 15    Spells: 15/16 levels left

rFire    . . .     SeeInvis .   i - +5 dagger (venom)
rCold    . . .     Faith    .   (no shield)
rNeg     . . .     Spirit   .   a - +1 robe
rPois    .         Reflect  .   (no helmet)
rElec    .         Harm     .   (no cloak)
rCorr    .         Rampage  .   (no gloves)
MR       .....                  (no boots)
Stlth    ++........             (no amulet)
HPRegen  0.10/turn              g - ring of flight
MPRegen  0.15/turn              (no ring)

@: lethally poisoned (0 -> -5), very slightly contaminated
A: no striking features
a: Evoke Flight


You were on level 3 of the Dungeon.
You visited 1 branch of the dungeon, and saw 4 of its levels.

You collected 230 gold pieces.

Inventory:

Hand Weapons
 i - a +5 dagger of venom (weapon)
Armour
 a - a +1 robe (worn)
Jewellery
 g - a ring of flight (left hand)
Scrolls
 c - 3 scrolls of teleportation
 e - 2 scrolls of remove curse
 f - a scroll of fog
 m - a scroll of enchant weapon
 q - 2 scrolls of fear
 u - a scroll of enchant armour
Potions
 b - a potion of stabbing
 d - a potion of lignification
 j - a potion of ambrosia
 l - a potion of degeneration {unknown}
 n - a potion of curing {unknown}
 o - a potion of might {unknown}
 r - a potion of flight {unknown}
 s - a potion of invisibility {unknown}
 t - a potion of berserk rage {unknown}
 v - a potion of haste {unknown}


   Skills:
 - Level 0.1 Short Blades
 - Level 2.5 Dodging
 - Level 2.4 Stealth
 + Level 5.6 Spellcasting
 * Level 3.5 Conjurations
 + Level 5.5 Fire Magic


You had 15 spell levels left.
You knew the following spells:

 Your Spells              Type           Power        Failure   Level
a - Foxfire               Conj/Fire      ####         1%          1

Your spell library contained the following spells:

 Spells                   Type           Power        Failure   Level
 Conjure Flame            Conj/Fire      ####....     4%          3
 Inner Flame              Hex/Fire       ###.....     10%         3
 Sticky Flame             Conj/Fire      ####....     14%         4
 Fireball                 Conj/Fire      ####......   38%         5


Dungeon Overview and Level Annotations

Branches:
Dungeon (4/15)
 Temple: D:4-7

Altars:
Cheibriados
Gozag

Annotations:
D:4 Pikel


Message History

Confirm with . or Enter, or press ? or * to list all spells.
You conjure some foxfire!
The scorpion barely misses you.
You completely miss the scorpion.
The scorpion is heavily wounded.
* * * LOW HITPOINT WARNING * * *
You feel sick.
The foxfire hits the scorpion but does no damage.
The scorpion is heavily wounded.
The foxfire hits the scorpion.
The scorpion is severely wounded.
The scorpion stings you.
* * * LOW HITPOINT WARNING * * *
Casting: Foxfire (safe; 1% risk of failure)
Confirm with . or Enter, or press ? or * to list all spells.
You miscast Foxfire.
You are very lightly contaminated with residual magic.
Nothing appears to happen.
* * * LOW HITPOINT WARNING * * *
You feel sick. The scorpion stings you.
You die...

.....#)#.....##### #.#
####.#.######## #.#
#.#........# ######.# ###
#.########.# #.#....#####.#
#.# #.# #.###............# #.#
#.# #..<..#...######## ##.#
#.# ###.......# #..#
#.###...s...#.# #.##
#.#....[@...#.######## #.#
#.#.#...ยง......).....# #.#
#.........##.#.#.#.#.#
###.#######.###..............#
............# ##.###.#.#.#.#.#
###.######### #.##..........#
#.# #.##..#.#.#.#.# #.#
#########.............#
#.####.>.......##..#.#.#.#.#


You could see a scorpion.

Vanquished Creatures
  A sky beast (D:2)
  A hound (D:3)
  An orc priest (D:3)
  An orc wizard (D:3)
  5 adders
  An ooze (D:3)
  2 worms
  3 dart slugs
  4 leopard geckos
  7 orcs (D:3)
  A ball python (D:2)
  13 bats
  6 giant cockroaches
  12 goblins
  2 hobgoblins
  2 jackals (D:2)
  A frilled lizard (D:1)
  5 kobolds
  11 rats
79 creatures vanquished.

Vanquished Creatures (others)
  174 foxfires
174 creatures vanquished.

Grand Total: 253 creatures vanquished

Notes
Turn   | Place    | Note
-------+----------+-------------------------------------------
     0 | D:1      | somkeydreadnuts the Deep Elf Fire Elementalist began the
                  | quest for the Orb.
     0 | D:1      | Reached XP level 1. HP: 10/10 MP: 6/6
   222 | D:1      | Reached XP level 2. HP: 15/15 MP: 5/8
  1330 | D:2      | Reached XP level 3. HP: 19/19 MP: 5/9
  1893 | D:2      | Found a snail-covered altar of Cheibriados.
  1904 | D:2      | Noticed a sky beast
  1908 | D:2      | Reached XP level 4. HP: 24/24 MP: 1/11
  1912 | D:2      | Killed a sky beast
  1912 | D:2      | Reached skill level 5 in Fire Magic
  1912 | D:2      | Reached XP level 5. HP: 28/28 MP: 0/14
  2617 | D:3      | Found an opulent altar of Gozag.
  2769 | D:3      | Reached skill level 5 in Spellcasting
  3093 | D:3      | Reached XP level 6. HP: 12/32 MP: 4/16
  4353 | D:4      | Noticed Pikel
  4364 | D:3      | Slain by a scorpion

Illustrated notes

Levels and vault maps discovered:
D:1:      elethiomel_arrival_infinity_welcomes_careful_drivers, layout_basic,
          corner_web_ring
D:2:      layout_basic, kennysheep_slug_shrine
D:3:      layout_loops_ring, serial_co_window_serial, co_window_paths_a,
          co_window_corner_a, co_window_paths_a, co_window_of_opportunity_a,
          co_window_paths_a, co_window_corner_b, co_window_2corner,
          co_window_corner_b, co_window_corner_b, co_window_broadway_c,
          co_window_broadway_a, co_window_4corner_a, glass_columns_b,
          glass_columns_a, glass_columns_c, glass_columns_a,
          nicolae_gozag_seed_capital
D:4:      layout_rooms, uniq_pikel

Skill      XL: |  1  2  3  4  5 |
---------------+----------------+-----
Fire Magic     | 4 5 |  5.5
Spellcasting   | 4 5 |  5.6
Conjurations   | 2 3 |  3.5
Short Blades   | |  0.1
Dodging        | |  2.5
Stealth        | |  2.4

Action                   |  1- 3 |  4- 6 || total
-------------------------+-------+-------++-------
Melee: Dagger            |     6 |    49 ||    55
 Cast: Foxfire           |    68 |    41 ||   109
  Use: Potion            |       |     2 ||     2
       Scroll            |       |     9 ||     9
 Stab: Sleeping          |       |     1 ||     1
Armor: Robe              |     5 |     6 ||    11
       Skin              |       |     8 ||     8
Dodge: Dodged            |    25 |    37 ||    62

Table legend: (Time is in decaauts)
 A = Elapsed time spent in this place.
 B = Non-inter-level travel time spent in this place.
 C = Inter-level travel time spent in this place.
 D = Time resting spent in this place.
 E = Time spent auto-exploring this place.
 F = Levels seen in this place.
 G = Mean time per level.
                   A        B        C        D        E       F      G
               +--------+--------+--------+--------+--------+-----+--------+
         Total |   4364 |   4364 |      0 |      0 |   3022 |   4 | 1091.0 |
       Dungeon |   4364 |   4364 |      0 |      0 |   3022 |   4 | 1091.0 |
               +--------+--------+--------+--------+--------+-----+--------+

Top non-repeatable levels by time:
     D:3: 2270 daAuts
     D:1: 1302 daAuts
     D:2: 783 daAuts
     D:4: 8 daAuts
